 Dungeon Crawl Stone Soup version 0.17.0-28-g6e173f8 (webtiles) character file.

67 gorblad the Conjurer (level 3, -2/26 HPs)
             Began as a Draconian Conjurer on Nov 30, 2015.
             Was a Follower of Lugonu.
             Slain by a small abomination (3 damage)
             ... on level 1 of the Abyss.
             The game lasted 00:10:11 (2412 turns).

gorblad the Conjurer (Draconian Conjurer)           Turns: 2412, Time: 00:10:11

Health: -2/26      AC:  6    Str: 10    XL:     3   Next: 98%
Magic:  7/7        EV: 12    Int: 16    God:    Lugonu [*.....]
Gold:   97         SH:  0    Dex: 11    Spells: 1 memorised, 7 levels left

rFire  . . .     SeeInvis .     (no weapon)
rCold  . . .     Clarity  .     (armour unavailable)
rNeg   . . .     SustAt   .     (no shield)
rPois  .         Gourm    .     (helmet restricted)
rElec  .         Spirit   .     e - +0 cloak
rCorr  .         Warding  .     (no gloves)
rMut   .         Stasis   .     (no boots)
MR     .....                    (no amulet)
Stlth  +.........               (no ring)
                                (no ring)

@: confused, not resistant to hostile enchantments, very unstealthy
A: unfitting armour, cold-blooded, AC +5
a: Depart the Abyss, Renounce Religion


You were on level 1 of the Abyss.
You worshipped Lugonu.
Lugonu was aware of your devotion.
You were not hungry.

You visited 1 branch of the dungeon, and saw 3 of its levels.
You visited the Abyss 1 time.

You collected 97 gold pieces.

Inventory:

Armour
 e - a +0 cloak (worn)
Jewellery
 i - an uncursed ring of flight {unknown}
 n - an uncursed amulet of stasis {unknown}
Wands
 q - a wand of magic darts (23)
Scrolls
 c - a scroll of magic mapping {unknown}
 d - a scroll of teleportation {unknown}
 g - a scroll of enchant weapon {unknown}
 j - a scroll of blinking {unknown}
 p - a scroll of fog {unknown}
 s - a scroll of remove curse {unknown}
Potions
 h - a potion of might {unknown}
 l - 2 potions of curing {unknown}
 o - a potion of cancellation {unknown}
 r - a potion of poison {unknown}
Books
 a - a book of Conjurations

   Spells                             Type                      Level
   a - Magic Dart                     Conjuration                  1
   b - Searing Ray                    Conjuration                  2
   c - Dazzling Spray                 Conjuration/Hexes            3
   d - Fulminant Prism                Conjuration/Hexes            4
   e - Iskenderun's Mystic Blast      Conjuration                  4
   f - Iskenderun's Battlesphere      Conjuration/Charms           5
Comestibles
 b - 3 bread rations
 f - 2 beef jerkies
 k - a slice of pizza
 m - 3 meat rations


   Skills:
 - Level 1.7 Dodging
 - Level 1.7 Stealth
 + Level 3.4 Spellcasting
 + Level 4.6 Conjurations


You had 7 spell levels left.
You knew the following spells:

 Your Spells              Type           Power        Failure   Level  Hunger
a - Magic Dart            Conj           ###.         3%          1    None


Dungeon Overview and Level Annotations

Branches:
Dungeon (3/15)

Altars:

Annotations:
D:3 Robin


Innate Abilities, Weirdness & Mutations

Your plain brown scales are hard (AC +5).
Your body does not fit into most forms of armour.
You are cold-blooded and may be slowed by cold attacks.


Message History

You are more confused.
The golden eye blinks at you.
The golden eye blinks!
The golden eye blinks at you.
You barely miss the golden eye.
The golden eye turns its gaze towards you. x2
The golden eye blinks!
The golden eye blinks at you.
You are more confused.
The golden eye blinks!
The golden eye blinks at you. The small abomination misses you.
You bump into the rock wall.
The golden eye blinks at you.
You are more confused.
The golden eye blinks at you. You resist with some effort.
The golden eye blinks at you.
The golden eye blinks!
The small abomination hits you.
You die...

. .#. ## .
..# #..# #
## . # . .
..##..
.#... .
#.#.# #...
..#
####.###..
.. .#.#G#.#
. .
##..#§#G# .
.. #..#G@#
.. ..
.##.#.Gx§#
.. ##
#§..G.G###
..:.....§#.
. ##
###.### # #
# .. . . .
.. .. . #
..... . # .
.. . ..


You could see a small abomination and 6 golden eyes.

Vanquished Creatures
  An adder (D:2)
  2 worms (D:2)
  2 giant geckos
  4 bats
  3 giant cockroaches
  8 goblins
  6 hobgoblins
  4 jackals (D:1)
  6 kobolds
  2 quokkas (D:2)
  7 giant newts
  3 rats
48 creatures vanquished.

Notes
Turn   | Place    | Note
--------------------------------------------------------------
     0 | D:1      | gorblad the Draconian Conjurer began the quest for the Orb.
     0 | D:1      | Reached XP level 1. HP: 14/14 MP: 3/3
   159 | D:1      | Reached XP level 2. HP: 7/20 MP: 1/5
  1199 | D:2      | Reached XP level 3. HP: 26/26 MP: 5/7
  2101 | D:3      | Noticed Robin
  2263 | D:2      | Cast into the Abyss (goblin)
  2263 | Abyss:1  | Found a corrupted altar of Lugonu.
  2270 | Abyss:1  | Became a worshipper of Lugonu the Unformed
  2270 | Abyss:1  | Reached * piety under Lugonu
  2291 | Abyss:1  | Noticed a golden eye
  2294 | Abyss:1  | Noticed a golden eye
  2296 | Abyss:1  | Noticed a golden eye
  2299 | Abyss:1  | Noticed a golden eye
  2300 | Abyss:1  | Noticed a golden eye
  2308 | Abyss:1  | Noticed a golden eye
  2395 | Abyss:1  | Noticed a rakshasa
  2402 | Abyss:1  | Noticed a tentacled starspawn
  2404 | Abyss:1  | Noticed a small abomination
  2404 | Abyss:1  | HP: 1/26 [rakshasa/whip (6)]
  2412 | Abyss:1  | Slain by a small abomination

Action                   || total
-------------------------++-------
Melee: Unarmed           ||    95
 Cast: Magic Dart        ||   107
  Eat: Chunk             ||     5
